AoeStats
← giannis

Black Forest

508448475Analyzed
4v4 RM · 9d ago on Sep 22, 2026· 52m 45s· 8 players
Game mode
Random Map
Map size
Large (8 player)
Population
200
Speed
Normal
Resources
Standard
Victory
Conquest
Starting age
Dark Age
Ending age
Imperial Age
RankedLock teamsTeams togetherTeam positionsShared explorationLock speedFull tech treeHidden civsTurbo modeCheats
Victory
Defeat
🇧🇷 Hindustanis · Brazil
882
+14
🇨🇳 Persians · China
855
+15
🇭🇰 Bohemians · Hong Kong SAR China
844
+15
🇫🇷 Chinese · France
741
+20
🇪🇸 Spanish · Spain
918
-20
🇪🇸 Bulgarians · Spain
840
-16
🇬🇷 Burgundians · Greece
824
-16
🇮🇹 Japanese · Italy
742
-12
Hallvardr
10:32 Loom
13:48 Feudal Age
14:15 Double-Bit Axe
14:24 Town Watch
20:03 Fishing Lines
20:27 Horse Collar
26:23 Castle Age
27:55 Bow Saw
28:14 Gold Mining
29:39 Wheelbarrow
30:23 Gillnets
31:11 Heavy Plow
31:38 Murder Holes
31:46 Stone Mining
32:34 Gold Shaft Mining
31:54 Stone Mining
32:15 Fletching
34:03 Masonry
36:42 Imperial Age
34:31 Bodkin Arrow
35:12 Ballistics
36:45 Forging
36:35 Scale Mail Armor
36:13 Pikeman
37:33 Squires
38:49 Iron Casting
38:30 Chain Mail Armor
39:08 Architecture
38:33 Halberdier
41:20 Blast Furnace
giannis
13:00 Feudal Age
11:59 Double-Bit Axe
11:58 Horse Collar
17:09 Castle Age
15:43 Heavy Plow
21:50 Bow Saw
22:37 Wheelbarrow
21:49 Town Watch
24:43 Two-Man Saw
25:46 Stone Mining
25:46 Gold Mining
26:54 Crop Rotation
27:01 Hand Cart
26:47 Town Patrol
27:14 Fletching
27:24 Padded Archer Armor
27:11 Elite Skirmisher
28:29 Bodkin Arrow
29:01 Herbal Medicine
29:54 Leather Archer Armor
30:01 Loom
30:29 Fervor
30:43 Sanctity
31:06 Caravan
31:17 Murder Holes
31:33 Fortified Wall
31:05 Treadmill Crane
31:48 Ballistics
34:37 Imperial Age
32:45 Forging
32:36 Scale Mail Armor
32:03 Pikeman
32:43 Squires
32:28 Arson
32:17 Crossbowman
32:37 Light Cavalry
33:18 Husbandry
34:00 Masonry
33:13 Cavalier
33:53 Husbandry
34:40 Iron Casting
34:06 Scale Mail Armor
34:11 Scale Barding Armor
34:22 Devotion
34:25 Arson
36:32 Chemistry
36:04 Architecture
35:53 Bracer
36:10 Chain Mail Armor
36:15 Chain Barding Armor
36:37 Burgundian Vineyards
37:10 Hoardings
37:18 Plate Mail Armor
37:08 Chain Barding Armor
37:47 Conscription
37:31 Treadmill Crane
38:13 Bombard Tower
38:41 Illumination
38:34 Block Printing
38:33 Redemption
38:49 Chain Barding Armor
37:58 Halberdier
38:47 Hussar
40:55 Blast Furnace
40:31 Plate Barding Armor
41:49 Onager
Kingslayers_
0:42 Loom
15:27 Feudal Age
19:56 Castle Age
17:59 Double-Bit Axe
29:11 Bow Saw
29:56 Horse Collar
30:55 Wheelbarrow
33:29 Squires
32:51 Pikeman
33:17 Arson
37:00 Imperial Age
35:32 Scale Mail Armor
35:42 Forging
37:42 Chain Mail Armor
38:03 Iron Casting
37:47 Halberdier
38:31 Heavy Plow
39:34 Two-Man Saw
39:10 Plate Mail Armor
39:41 Blast Furnace
39:57 Ballistics
39:35 Murder Holes
39:53 Masonry
42:21 Chemistry
41:02 Treadmill Crane
41:34 Fortified Wall
41:15 Guard Tower
42:45 Kataparuto
42:27 Yasama
Kaparso
11:08 Feudal Age
16:57 Castle Age
18:59 Double-Bit Axe
20:18 Loom
25:48 Scale Barding Armor
25:54 Forging
27:00 Fletching
27:10 Padded Archer Armor
28:26 Fishing Lines
28:33 Horse Collar
28:51 Bodkin Arrow
29:17 Chain Barding Armor
32:59 Imperial Age
31:06 Wheelbarrow
31:50 Bow Saw
33:20 Bloodlines
34:29 Bracer
33:58 Cavalier
34:41 Husbandry
35:19 Conscription
35:25 Paladin
39:20 Chemistry
38:41 Ballistics
38:33 Masonry
38:19 Murder Holes
39:28 Gold Mining
41:19 Plate Barding Armor
41:21 Iron Casting
46:15 Blast Furnace
46:40 Town Watch
47:11 Hand Cart
pedroneto1101
10:08 Feudal Age
10:39 Double-Bit Axe
10:37 Horse Collar
17:20 Castle Age
15:08 Loom
15:59 Wheelbarrow
18:18 Castle Age
16:29 Stone Mining
16:37 Gold Mining
17:22 Forging
17:18 Scale Barding Armor
18:17 Loom
24:51 Husbandry
27:05 Bow Saw
27:11 Heavy Plow
28:18 Caravan
28:25 Town Watch
29:02 Bloodlines
30:43 Gold Shaft Mining
32:00 Stone Shaft Mining
32:00 Hand Cart
34:18 Imperial Age
31:49 Town Patrol
32:11 Chain Barding Armor
32:27 Iron Casting
34:17 Masonry
34:03 Murder Holes
34:31 Scale Mail Armor
34:21 Fletching
35:59 Blast Furnace
35:35 Plate Barding Armor
34:49 Heavy Camel Rider
36:37 Chemistry
37:59 Two-Man Saw
36:48 Imperial Camel Rider
39:06 Conscription
40:10 Shatagni
40:11 Grand Trunk Road
41:42 Chain Mail Armor
41:23 Bodkin Arrow
41:28 Padded Archer Armor
49:57 Ballistics
49:48 Fortified Wall
49:16 Elite Ghulam
50:31 Hoardings
49:49 Guard Tower
50:05 Siege Engineers
mick
4:38 Loom
16:55 Feudal Age
18:24 Wheelbarrow
17:37 Double-Bit Axe
20:13 Horse Collar
24:26 Castle Age
24:17 Stone Mining
24:48 Gold Mining
25:54 Hand Cart
26:40 Heavy Plow
26:54 Bow Saw
31:48 Imperial Age
31:58 Gold Shaft Mining
32:27 Stone Shaft Mining
39:02 Forging
38:53 Scale Mail Armor
38:54 Padded Archer Armor
38:45 Fletching
40:21 Leather Archer Armor
40:02 Bodkin Arrow
40:43 Iron Casting
41:27 Conscription
41:28 Caravan
43:21 Ring Archer Armor
42:52 Bracer
43:53 Blast Furnace
43:09 Chain Mail Armor
43:17 Elite Chu Ko Nu
53:19 Plate Mail Armor
52:55 Scale Barding Armor
53:16 Ballistics
53:57 Chemistry
52:49 Heated Shot
53:09 Fortified Wall
52:55 Murder Holes
53:12 Masonry
52:52 Guard Tower
52:48 Arrowslits
Iluvatar
1:03 Loom
11:55 Feudal Age
19:12 Castle Age
17:58 Horse Collar
18:06 Double-Bit Axe
21:04 Bow Saw
20:56 Heavy Plow
25:26 Fishing Lines
26:59 Wheelbarrow
27:50 Gold Mining
32:07 Imperial Age
29:54 Hand Cart
29:25 Town Watch
29:58 Forging
29:54 Scale Barding Armor
30:27 Caravan
32:52 Iron Casting
32:37 Chain Barding Armor
32:41 Ballistics
32:25 Stone Mining
33:13 Gold Shaft Mining
33:45 Two-Man Saw
34:38 Blast Furnace
34:41 Chemistry
33:53 Masonry
34:26 Bloodlines
33:37 Cavalier
33:47 Cavalier
35:10 Plate Barding Armor
35:57 Crop Rotation
35:31 Husbandry
35:15 Savar
37:38 Gillnets
38:39 Architecture
37:35 Light Cavalry
39:07 Guilds
39:06 Heavy Scorpion
42:24 Hussar
48:13 Conscription
踏马就一刀
13:42 Feudal Age
19:01 Castle Age
18:18 Double-Bit Axe
22:00 Chemistry
24:27 Ballistics
25:23 Wheelbarrow
25:27 Fishing Lines
28:43 Horse Collar
29:16 Bow Saw
29:54 Gillnets
34:42 Imperial Age
38:47 Hand Cart
45:12 Houfnice
Connection lost

Rejoining the realm…

Still unreachable

The connection could not be restored.

Session expired

The server has moved on; the page needs a fresh start.